 Dungeon Crawl Stone Soup version 0.30-a0-830-gfe289a77b0 (webtiles) character file.

Game seed: 14505140253434600048

37 Esekla the Sneak (level 3, 0/26 HPs)
             Began as an Octopode Delver on Mar 1, 2023.
             Slain by a hound (3 damage)
             ... on level 5 of the Dungeon.
             The game lasted 00:05:25 (711 turns).

Esekla the Sneak (Octopode Delver)                   Turns: 711, Time: 00:05:27

Health: 0/26       AC:  1    Str: 11    XL:     3   Next: 39%
Magic:  4/4        EV: 13    Int: 14    God:
Gold:   9          SH:  0    Dex: 13    Spells: 3/3 levels left

rFire   . . .      SeeInvis .    a - +0 falchion
rCold   . . .      Faith    .    (no shield)
rNeg    . . .      Spirit   .    (helmet restricted)
rPois   .          Reflect  .    (no amulet)
rElec   .          Harm     .    (no ring)
rCorr   .          Rampage  .    (no ring)
Will    .....                    (no ring)
Stlth   ++++                     (no ring)
HPRegen 0.24/turn                (no ring)
MPRegen 0.09/turn                (no ring)
                                 (no ring)
                                 (no ring)

@: no status effects
A: almost no armour, amphibious, 8 rings, camouflage 1, gelatinous body 1,
(nimble swimmer 1), tentacles
a: no special abilities


You were on level 5 of the Dungeon.
You visited 2 branches of the dungeon, and saw 2 of its levels.

You collected 9 gold pieces.

Inventory:

Hand Weapons
 a - a +0 falchion (weapon)
 j - a +0 dagger
Missiles
 c - 5 poisoned darts (quivered)
Wands
 f - a wand of digging (3)
Scrolls
 b - a scroll of fog
 g - a scroll of poison {unknown}
Potions
 e - a potion of haste
 h - a potion of magic {unknown}
 i - a potion of attraction {unknown}


   Skills:
 * Level 3.3 Fighting
 * Level 2.2 Long Blades
 * Level 2.3 Dodging
 + Level 7.2 Stealth
 * Level 0.7 Spellcasting


You had 3 spell levels left.
You didn't know any spells.
Your spell library contained the following spells:

 Spells                   Type           Power      Damage    Failure   Level
 Airstrike                Air            0%         2d(0-16)  95%         4
 Leda's Liquefaction      Hex/Erth       0%         N/A       95%         4
 Maxwell's Capacitive Co  Air            0%         ∞         100%        8


Dungeon Overview and Level Annotations

Branches:
Dungeon (5/15)             Temple (1/1) D:5

Altars:
Dithmenos
Gozag
Nemelex Xobeh
Sif Muna
Uskayaw

Annotations:
Temple 2 transporters


Innate Abilities, Weirdness & Mutations

You cannot wear most types of armour.
You are amphibious.
You can wear up to eight rings at the same time.
Your skin changes colour to match your surroundings (Stealth+).
Your rubbery body absorbs attacks. (AC +1, EV +1)
((You are camouflaged when in or above water. (Stealth+)))
You have tentacles for arms and can constrict up to eight enemies at once.


Message History

You open the door.
There is an open door here.
There is an open door here.
You close the door.
You open the door.
There is an open door here.
You close the door.
You hit the scorpion. You grab the scorpion.
The scorpion is lightly wounded.
You constrict the scorpion, but do no damage.
The scorpion stings you!
You are poisoned.
The scorpion poisons you!
As you read the scroll of fear, it crumbles to dust.
You assume a fearsome visage.
The scorpion looks frightened!
You constrict the scorpion.
You feel very sick.
The scorpion struggles to escape constriction.
You release your grip on the scorpion.
You feel sick.
You feel sick.
You feel sick.
You feel sick.
You feel sick.
You feel sick.
You feel sick.
You feel sick.
You feel sick.
You are no longer poisoned.
The hound barks!
Okay, then.
You hit the hound. Your grab misses the hound. You squeeze the hound!
The hound is heavily wounded.
The hound bites you.
* * * LOW HITPOINT WARNING * * *
You miss the hound. Your grab misses the hound.
The hound is heavily wounded.
The hound bites you.
* * * LOW HITPOINT WARNING * * *
The hound bites you.
You die...

*,,,,,,,,,,,,*#..............
*,,,,.....,,,##.......#...##.
*,,,,.....,,,#.............#.
*,,,,......,,#.............#.
*,,,,......,,#...............
*,,,,......###...####........
**,,,..............##........
*,,,........................
*,,,.......@h...............
*,,,...#...................#
*,,,,,,#....................
**,,,,,#.............##.....
***,,,#...##........##.....
*****,,...............##.....
*,,,,,..............####.....
*,,,,,#.......#........#.....
*,,,,,*,,,,,..#........#.....


You could see a hound.

Vanquished Creatures
  A hound (D:5)
  An adder (D:5)
2 creatures vanquished.

Notes
Turn   | Place    | Note
-------+----------+-------------------------------------------
     0 | D:5      | Esekla the Octopode Delver began the quest for the Orb.
     0 | D:5      | Reached XP level 1. HP: 16/16 MP: 1/1
    11 | D:5      | Noticed a hound
    66 | D:5      | Found a staircase to the Ecumenical Temple.
    73 | Temple   | Entered the Ecumenical Temple
    73 | Temple   | Found a transporter.
    73 | Temple   | Found a transporter.
   181 | D:5      | Noticed a hound
   213 | D:5      | Killed a hound
   214 | D:5      | Reached skill level 7 in Stealth
   214 | D:5      | Reached XP level 2. HP: 8/21 MP: 2/2
   214 | D:5      | Reached XP level 3. HP: 10/26 MP: 3/3
   299 | D:5      | Noticed a scorpion
   325 | D:5      | Got the Teachings on the Volcano and Austromancy
   455 | D:5      | Noticed a scorpion
   711 | D:5      | Slain by a hound

Illustrated notes

Levels and vault maps discovered:
D:5:      layout_basic, temple_green
Temple:   hellmonk_temple_divided_pantheon

Skill      XL: |  1 |
---------------+----+-----
Stealth        | 7 |  7.2
Fighting       | |  3.3
Long Blades    | |  2.2
Dodging        | |  2.3
Spellcasting   | |  0.7

Action                     || total
---------------------------++-------
  Melee: Falchion          ||    10
         Tentacles         ||     3
         Constrict         ||     2
    Use: Scroll            ||     2
 Armour: Skin              ||     1
  Dodge: Dodged            ||     5

Table legend: (Time is in decaauts)
 A = Elapsed time spent in this place.
 B = Non-inter-level travel time spent in this place.
 C = Inter-level travel time spent in this place.
 D = Time resting spent in this place.
 E = Time spent auto-exploring this place.
 F = Levels seen in this place.
 G = Mean time per level.
                   A        B        C        D        E       F      G
               +--------+--------+--------+--------+--------+-----+--------+
         Total |    712 |    710 |      2 |    162 |     44 |   2 |  356.0 |
       Dungeon |    710 |    709 |      1 |    162 |     44 |   1 |  710.0 |
        Temple |      1 |      0 |      1 |      0 |      0 |   1 |    1.0 |
               +--------+--------+--------+--------+--------+-----+--------+

Top non-repeatable levels by time:
     D:5: 710 daAuts
  Temple: 1 daAuts
